| TOP OF THE 1ST |
|
Boston (APP) Red Sox batting - Pitching for Burlington Royals : RHP Alex Rivas
|
|
Pitching: RHP Alex Rivas
|
|
|
Batting: LHB Javier Cajina
|
0-0: Swinging Strike 0-1: Ball 1-1: Swinging Strike 1-2: Foul Ball, location: 2F 1-2: Ball 2-2: Strikes out swinging
|
|
Batting: RHB Kirk Cully
|
0-0: Ball 1-0: Ball 2-0: Ball 3-0: Base on Balls
|
|
Batting: LHB Mike Hutcheson
|
0-0: Ball 1-0: Called Strike 1-1: Ball 2-1: Foul Ball, location: 2F 2-2: Ball Kirk Cully steals 2nd base 3-2: Strikes out swinging
|
|
Batting: RHB Bakhtiar Asadov
|
0-0: Swinging Strike 0-1: Swinging Strike 0-2: Strikes out looking
|
| Top of the 1st over - 0 runs, 0 hits, 0 errors, 1 left on base; Boston (APP) 0 - Burlington 0 |
| BOTTOM OF THE 1ST |
|
Burlington Royals batting - Pitching for Boston (APP) Red Sox : RHP Matt Collins
|
|
Pitching: RHP Matt Collins
|
|
|
Batting: RHB Shura Mogilny
|
0-0: Ball 1-0: Ball 2-0: Ground out 4-3 (Groundball, 4, EV 85.6 MPH)
|
|
Batting: RHB Tim Williams
|
0-0: Ball 1-0: Called Strike 1-1: SOLO HOME RUN (Flyball, 9D, EV 95.6 MPH), Distance : 382 ft
|
|
Batting: SHB Alex Cavazos
|
0-0: Ball 1-0: Ball 2-0: Ball 3-0: Called Strike 3-1: Foul Ball, location: 2F 3-2: Foul Ball, location: 2F 3-2: Base on Balls
|
|
Batting: RHB Hugo Chavez
|
0-0: Ball 1-0: Called Strike 1-1: Fly out, F7 (Line Drive, 7D, EV 93.8 MPH)
|
|
Batting: RHB Masakuni Takeuchi
|
0-0: Ball 1-0: Called Strike 1-1: Ball 2-1: Foul Ball, location: 2F 2-2: Foul Ball, location: 2F 2-2: Ball 3-2: Base on Balls Alex Cavazos to second
|
|
Batting: RHB Jason Conner
|
0-0: Called Strike 0-1: Fly out, F9 (Line Drive, 9, EV 90.6 MPH)
|
| Bottom of the 1st over - 1 run, 1 hit, 0 errors, 2 left on base; Boston (APP) 0 - Burlington 1 |
| TOP OF THE 2ND |
|
Boston (APP) Red Sox batting - Pitching for Burlington Royals : RHP Alex Rivas
|
|
Batting: LHB Kien-lung Zou
|
0-0: Ground out 6-3 (Groundball, 6S, EV 64.4 MPH)
|
|
Batting: RHB Felix Rangel
|
0-0: Foul Ball, location: 2F 0-1: Ball 1-1: Foul Ball, location: 2F 1-2: Ball 2-2: Ball 3-2: Strikes out looking
|
|
Batting: SHB Matsudaira Ikeda
|
0-0: Called Strike 0-1: Foul Ball, location: 2F 0-2: Ball 1-2: Strikes out looking
|
| Top of the 2nd over - 0 runs, 0 hits, 0 errors, 0 left on base; Boston (APP) 0 - Burlington 1 |
| BOTTOM OF THE 2ND |
|
Burlington Royals batting - Pitching for Boston (APP) Red Sox : RHP Matt Collins
|
|
Batting: RHB David Rubio
|
0-0: Ball 1-0: Called Strike 1-1: Swinging Strike 1-2: Foul Ball, location: 2F 1-2: Foul Ball, location: 2F 1-2: Foul Ball, location: 2F 1-2: Foul Ball, location: 2F 1-2: Ball 2-2: Ball 3-2: SINGLE (Line Drive, 34D, EV 97.5 MPH)
|
|
Batting: RHB Juan Nieves
|
0-0: Ball 1-0: Ball 2-0: Ball 3-0: Called Strike 3-1: Base on Balls David Rubio to second
|
|
Batting: LHB Jayden Pelayo
|
0-0: Ball 1-0: Ball 2-0: Foul Ball, location: 2F 2-1: Ball 3-1: 3-RUN HOME RUN (Flyball, 89XD, EV 101.2 MPH), Distance : 412 ft
|
|
Batting: RHB Shura Mogilny
|
0-0: Fly out, F8 (Flyball, 8RD, EV 98.8 MPH)
|
|
Batting: RHB Tim Williams
|
0-0: Ball 1-0: Called Strike 1-1: Ball 2-1: Called Strike 2-2: Foul Ball, location: 2F 2-2: Ball 3-2: Ground out 5-3 (Groundball, 56, EV 93.8 MPH)
|
|
Batting: SHB Alex Cavazos
|
0-0: Ball 1-0: DOUBLE (Flyball, 8RXD, EV 113.8 MPH)
|
|
Batting: RHB Hugo Chavez
|
0-0: Ground out 5-3 (Groundball, 56, EV 108.8 MPH)
|
| Bottom of the 2nd over - 3 runs, 3 hits, 0 errors, 1 left on base; Boston (APP) 0 - Burlington 4 |
| TOP OF THE 3RD |
|
Boston (APP) Red Sox batting - Pitching for Burlington Royals : RHP Alex Rivas
|
|
Batting: RHB Estevan Carrillo
|
0-0: Ball 1-0: Swinging Strike 1-1: Foul Ball, location: 2F 1-2: Ball 2-2: Strikes out swinging
|
|
Batting: LHB Kenny Jackson
|
0-0: Called Strike 0-1: Fly out, F7 (Flyball, 7, EV 73.8 MPH)
|
|
Batting: LHB Javier Cajina
|
0-0: DOUBLE (Groundball, 5L, EV 103.1 MPH)
|
|
Batting: RHB Kirk Cully
|
0-0: Ball 1-0: Ground out 6-3 (Groundball, 6, EV 98.8 MPH)
|
| Top of the 3rd over - 0 runs, 1 hit, 0 errors, 1 left on base; Boston (APP) 0 - Burlington 4 |
| BOTTOM OF THE 3RD |
|
Burlington Royals batting - Pitching for Boston (APP) Red Sox : RHP Matt Collins
|
|
Batting: RHB Masakuni Takeuchi
|
0-0: Ground out 4-3 (Groundball, 34, EV 96.2 MPH)
|
|
Batting: RHB Jason Conner
|
0-0: Called Strike 0-1: Ball 1-1: DOUBLE (Groundball, 5L, EV 100.0 MPH)
|
|
Batting: RHB David Rubio
|
0-0: Ball 1-0: Ball 2-0: Swinging Strike 2-1: Ground out 6-3 (Groundball, 6, EV 95.6 MPH)
|
|
Batting: RHB Juan Nieves
|
0-0: Fly out, F8 (Flyball, 89M, EV 93.8 MPH)
|
| Bottom of the 3rd over - 0 runs, 1 hit, 0 errors, 1 left on base; Boston (APP) 0 - Burlington 4 |
| TOP OF THE 4TH |
|
Boston (APP) Red Sox batting - Pitching for Burlington Royals : RHP Alex Rivas
|
|
Batting: LHB Mike Hutcheson
|
0-0: Ball 1-0: Called Strike 1-1: Ground out U3 (Groundball, 34, EV 101.9 MPH)
|
|
Batting: RHB Bakhtiar Asadov
|
0-0: Ball 1-0: Ball 2-0: Called Strike 2-1: Foul Ball, location: 2F 2-2: Fly out, F9 (Flyball, 9S, EV 83.8 MPH)
|
|
Batting: LHB Kien-lung Zou
|
0-0: Ball 1-0: Foul Ball, location: 2F 1-1: Ball 2-1: Ball 3-1: Base on Balls
|
|
Batting: RHB Felix Rangel
|
0-0: Swinging Strike 0-1: Ball 1-1: Called Strike 1-2: Strikes out swinging
|
| Top of the 4th over - 0 runs, 0 hits, 0 errors, 1 left on base; Boston (APP) 0 - Burlington 4 |
| BOTTOM OF THE 4TH |
|
Burlington Royals batting - Pitching for Boston (APP) Red Sox : RHP Matt Collins
|
|
Batting: LHB Jayden Pelayo
|
0-0: Ball 1-0: Ground out U3 (Groundball, 34, EV 108.1 MPH)
|
|
Batting: RHB Shura Mogilny
|
0-0: SINGLE (Line Drive, 89M, EV 101.9 MPH)
|
|
Batting: RHB Tim Williams
|
0-0: Fly out, F8 (Flyball, 8LD, EV 76.9 MPH)
|
|
Batting: SHB Alex Cavazos
|
0-0: Swinging Strike 0-1: Called Strike 0-2: Ball Shura Mogilny steals 2nd base 1-2: Ball 2-2: Ball 3-2: Strikes out swinging
|
| Bottom of the 4th over - 0 runs, 1 hit, 0 errors, 1 left on base; Boston (APP) 0 - Burlington 4 |
| TOP OF THE 5TH |
|
Boston (APP) Red Sox batting - Pitching for Burlington Royals : RHP Alex Rivas
|
|
Batting: SHB Matsudaira Ikeda
|
0-0: Called Strike 0-1: Ball 1-1: Foul Ball, location: 2F 1-2: SOLO HOME RUN (Line Drive, 7LD, EV 95.0 MPH), Distance : 342 ft
|
|
Batting: RHB Estevan Carrillo
|
0-0: Ball 1-0: SOLO HOME RUN (Flyball, 8RXD, EV 107.5 MPH), Distance : 432 ft
|
|
Batting: LHB Kenny Jackson
|
0-0: DOUBLE (Groundball, 3L, EV 101.2 MPH) - OUT at third base trying to stretch hit.
|
|
Batting: LHB Javier Cajina
|
0-0: Fly out, F7 (Flyball, 7LM, EV 81.9 MPH)
|
|
Batting: RHB Kirk Cully
|
0-0: Ball 1-0: Ball 2-0: Ball 3-0: Base on Balls
|
|
Batting: LHB Mike Hutcheson
|
0-0: Fly out, F9 (Line Drive, 9LS, EV 95.0 MPH)
|
| Top of the 5th over - 2 runs, 3 hits, 0 errors, 1 left on base; Boston (APP) 2 - Burlington 4 |
| BOTTOM OF THE 5TH |
|
Burlington Royals batting - Pitching for Boston (APP) Red Sox : RHP Matt Collins
|
|
Batting: RHB Hugo Chavez
|
0-0: Fly out, F8 (Flyball, 8RXD, EV 105.0 MPH)
|
|
Batting: RHB Masakuni Takeuchi
|
0-0: Ball 1-0: Ball 2-0: Ball 3-0: Base on Balls
|
|
Pitching: RHP Zinedine Lahlafi
|
|
|
Batting: RHB Jason Conner
|
0-0: Ball 1-0: Foul Ball, location: 2F 1-1: Ball 2-1: Ball Wild Pitch! Masakuni Takeuchi to second 3-1: Called Strike 3-2: Base on Balls
|
|
Batting: RHB David Rubio
|
0-0: Ball 1-0: Called Strike 1-1: Swinging Strike 1-2: Strikes out swinging
|
|
Batting: RHB Juan Nieves
|
0-0: Called Strike 0-1: Foul Ball, location: 2F 0-2: Ball 1-2: Strikes out swinging
|
| Bottom of the 5th over - 0 runs, 0 hits, 0 errors, 2 left on base; Boston (APP) 2 - Burlington 4 |
| TOP OF THE 6TH |
|
Boston (APP) Red Sox batting - Pitching for Burlington Royals : RHP Alex Rivas
|
|
Batting: RHB Bakhtiar Asadov
|
0-0: Foul Ball, location: 2F 0-1: Ball 1-1: Ball 2-1: Fly out, F7 (Flyball, 7, EV 85.0 MPH)
|
|
Batting: LHB Kien-lung Zou
|
0-0: Ball 1-0: Swinging Strike 1-1: Foul Ball, location: 2F 1-2: Ball 2-2: Strikes out swinging
|
|
Pitching: RHP Oscar Cisneros
|
|
|
Pinch Hitting: RHB Joe Booth
|
0-0: Ball 1-0: Ball 2-0: Called Strike 2-1: Foul Ball, location: 2F 2-2: Ball 3-2: Base on Balls
|
|
Batting: SHB Matsudaira Ikeda
|
0-0: Ball 1-0: Called Strike Joe Booth is caught stealing 2nd base 2-6
|
| Top of the 6th over - 0 runs, 0 hits, 0 errors, 0 left on base; Boston (APP) 2 - Burlington 4 |
| BOTTOM OF THE 6TH |
|
Burlington Royals batting - Pitching for Boston (APP) Red Sox : RHP Zinedine Lahlafi
|
|
Now in RF: Joe Booth
|
|
|
Batting: LHB Jayden Pelayo
|
0-0: Ball 1-0: Ball 2-0: Called Strike 2-1: Ball 3-1: Called Strike 3-2: Foul Ball, location: 2F 3-2: Ground out 4-3 (Groundball, 4, EV 106.2 MPH)
|
|
Batting: RHB Shura Mogilny
|
0-0: Called Strike 0-1: Foul Ball, location: 2F 0-2: Foul Ball, location: 2F 0-2: Ball 1-2: Ball 2-2: Strikes out swinging
|
|
Batting: RHB Tim Williams
|
0-0: Swinging Strike 0-1: Foul Ball, location: 2F 0-2: Foul Ball, location: 2F 0-2: Ball 1-2: Foul Ball, location: 2F 1-2: Foul Ball, location: 2F 1-2: Ball 2-2: Strikes out swinging, 2-3 out at first.
|
| Bottom of the 6th over - 0 runs, 0 hits, 0 errors, 0 left on base; Boston (APP) 2 - Burlington 4 |
| TOP OF THE 7TH |
|
Boston (APP) Red Sox batting - Pitching for Burlington Royals : RHP Oscar Cisneros
|
|
Batting: SHB Matsudaira Ikeda
|
0-0: Ball 1-0: Ball 2-0: Foul Ball, location: 2F 2-1: Foul Ball, location: 2F 2-2: Strikes out looking
|
|
Batting: RHB Estevan Carrillo
|
0-0: Swinging Strike 0-1: Foul Ball, location: 2F 0-2: Foul Ball, location: 2F 0-2: Strikes out looking
|
|
Batting: LHB Kenny Jackson
|
0-0: Called Strike 0-1: Ball 1-1: Ball 2-1: Swinging Strike 2-2: Ball 3-2: Strikes out swinging
|
| Top of the 7th over - 0 runs, 0 hits, 0 errors, 0 left on base; Boston (APP) 2 - Burlington 4 |
| BOTTOM OF THE 7TH |
|
Burlington Royals batting - Pitching for Boston (APP) Red Sox : RHP Zinedine Lahlafi
|
|
Batting: SHB Alex Cavazos
|
0-0: Ball 1-0: Ball 2-0: Ball 3-0: Ground out U3 (Groundball, 34, EV 86.9 MPH)
|
|
Batting: RHB Hugo Chavez
|
0-0: Ball 1-0: Ball 2-0: Ball 3-0: Called Strike 3-1: Foul Ball, location: 2F 3-2: Foul Ball, location: 2F 3-2: Strikes out looking
|
|
Pitching: LHP Brad Victor
|
|
|
Batting: RHB Masakuni Takeuchi
|
0-0: Ball 1-0: Ball 2-0: Fly out, F8 (Flyball, 8LD, EV 100.6 MPH)
|
| Bottom of the 7th over - 0 runs, 0 hits, 0 errors, 0 left on base; Boston (APP) 2 - Burlington 4 |
| TOP OF THE 8TH |
|
Boston (APP) Red Sox batting - Pitching for Burlington Royals : RHP Oscar Cisneros
|
|
Batting: LHB Javier Cajina
|
0-0: Called Strike 0-1: Ball 1-1: Foul Ball, location: 2F 1-2: Strikes out swinging
|
|
Batting: LHB Stanislav Parusov
|
0-0: Ball 1-0: Foul Ball, location: 2F 1-1: Ball 2-1: Foul Ball, location: 2F 2-2: Foul Ball, location: 2F 2-2: Ground out 6-3 (Groundball, 6, EV 99.4 MPH)
|
|
Batting: LHB Mike Hutcheson
|
0-0: SINGLE (Flyball, 78S, EV 94.4 MPH)
|
|
Batting: RHB Bakhtiar Asadov
|
0-0: Foul Ball, location: 2F 0-1: Ball 1-1: Ball 2-1: Swinging Strike 2-2: Ball Wild Pitch! Mike Hutcheson to second 3-2: Foul Ball, location: 2F 3-2: Foul Ball, location: 2F 3-2: Foul Ball, location: 2F 3-2: Base on Balls
|
|
Pitching: RHP Brett Essary
|
|
|
Batting: LHB Kien-lung Zou
|
0-0: Ball 1-0: Ball 2-0: Called Strike 2-1: Foul Ball, location: 2F 2-2: Strikes out swinging
|
| Top of the 8th over - 0 runs, 1 hit, 0 errors, 2 left on base; Boston (APP) 2 - Burlington 4 |
| BOTTOM OF THE 8TH |
|
Burlington Royals batting - Pitching for Boston (APP) Red Sox : LHP Brad Victor
|
|
Batting: RHB Jason Conner
|
0-0: SINGLE (Groundball, 56D, EV 101.9 MPH)
|
|
Batting: RHB David Rubio
|
0-0: Bunted foul 0-1: Ball 1-1: Bunted foul 1-2: Ball 2-2: Foul Ball, location: 2F 2-2: Ball 3-2: Foul Ball, location: 2F 3-2: Foul Ball, location: 2F 3-2: Foul Ball, location: 2F 3-2: Foul Ball, location: 2F 3-2: Base on Balls Jason Conner to second
|
|
Batting: RHB Juan Nieves
|
0-0: Called Strike 0-1: Swinging Strike 0-2: Strikes out looking
|
|
Batting: LHB Jayden Pelayo
|
0-0: Ball 1-0: Foul Ball, location: 2F 1-1: Swinging Strike 1-2: Strikes out looking
|
|
Batting: RHB Shura Mogilny
|
0-0: Ball Wild Pitch! Jason Conner to third David Rubio to second 1-0: Ball 2-0: Called Strike 2-1: Foul Ball, location: 2F 2-2: Strikes out swinging
|
| Bottom of the 8th over - 0 runs, 1 hit, 0 errors, 2 left on base; Boston (APP) 2 - Burlington 4 |
| TOP OF THE 9TH |
|
Boston (APP) Red Sox batting - Pitching for Burlington Royals : RHP Brett Essary
|
|
Batting: RHB Joe Booth
|
0-0: Called Strike 0-1: Swinging Strike 0-2: Ball 1-2: Foul Ball, location: 2F 1-2: SOLO HOME RUN (Flyball, 7LD, EV 88.8 MPH), Distance : 336 ft
|
|
Pinch Hitting: RHB Josh Smith
|
0-0: Swinging Strike 0-1: Ball 1-1: Swinging Strike 1-2: Foul Ball, location: 2F 1-2: Strikes out looking
|
|
Pinch Hitting: RHB Vladmiri Nugaibekov
|
0-0: Ground out 5-3 (Groundball, 5L, EV 102.5 MPH)
|
|
Pinch Hitting: SHB Arihito Hiramoto
|
0-0: Swinging Strike 0-1: Foul Ball, location: 2F 0-2: Strikes out swinging
|
| Top of the 9th over - 1 run, 1 hit, 0 errors, 0 left on base; Boston (APP) 3 - Burlington 4 |
|